 Dungeon Crawl Stone Soup version 0.27-a0-1219-g958d993ae5 (webtiles) character file.

Game seed: 66703621660830259

33936 polve the Fighter (level 13, -1/111 HPs)
             Began as a Demonspawn Abyssal Knight on June 6, 2021.
             Was an Elder of Lugonu.
             Slain by Rupert
             ... wielding a +2 great mace of holy wrath
              (27 damage)
             ... on level 4 of the Lair of Beasts.
             The game lasted 00:27:21 (22365 turns).

polve the Fighter (Demonspawn Abyssal Knight)      Turns: 22365, Time: 00:27:22

Health: -1/111     AC: 21    Str: 24    XL:     13   Next: 39%
Magic:  0/29       EV:  9    Int: 18    God:    Lugonu [****..]
Gold:   1053       SH:  5    Dex: 13    Spells: 12/12 levels left

rFire    + . .     SeeInvis .   v - +7 short sword of Tenacity {vorpal, Fragile +Rage rElec Int+5}
rCold    . . .     Faith    .   x - +0 buckler
rNeg     . . .     Spirit   +   O - +2 chain mail {rF+}
rPois    +         Reflect  .   (helmet restricted)
rElec    +         Harm     .   c - +0 cloak
rCorr    .         Rampage  .   H - +0 pair of gloves
Will     .....                  (no boots)
Stlth    ..........             g - amulet of guardian spirit
HPRegen  0.28/turn              q - ring of magical power
MPRegen  0.21/turn              p - +6 ring of strength

@: no status effects
A: horns 2, slimy green scales 3, demonic guardian 1, spiny 1
a: Renounce Religion, Evoke Berserk Rage, Depart the Abyss, Bend Space, Banish,
Corrupt


You were on level 4 of the Lair of Beasts.
You worshipped Lugonu.
Lugonu was greatly pleased with you.
You visited 2 branches of the dungeon, and saw 15 of its levels.
You visited the Abyss 1 time.

You collected 1053 gold pieces.

Inventory:

Hand Weapons
 v - the +7 short sword of Tenacity (weapon) {vorpal, Fragile +Rage rElec Int+5}
   (You found it on level 2 of the Lair of Beasts)

   It inflicts extra damage upon your enemies.
   It affects your intelligence (+5).
   It insulates you from electricity.
   It lets you go berserk.
   It will be destroyed if unequipped.
 F - a +0 rapier
 Q - a +3 eveningstar
Missiles
 j - 62 poisoned darts (quivered)
 t - 4 throwing nets
 w - 7 atropa-tipped darts
 D - 5 curare-tipped darts
Armour
 c - a +0 cloak (worn)
 x - a +0 buckler (worn)
 H - a +0 pair of gloves (worn)
 O - a +2 chain mail of fire resistance (worn)
Jewellery
 b - a ring of positive energy
 g - an amulet of guardian spirit (around neck)
 p - a +6 ring of strength (right hand)
 q - a ring of magical power (left hand)
 G - a ring of resist corrosion
 N - an amulet of the acrobat
Wands
 m - a wand of iceblast (22)
 K - a wand of acid (4)
Scrolls
 a - a scroll of blinking
 d - a scroll of summoning {unknown}
 e - a scroll of enchant weapon {unknown}
 f - 3 scrolls of acquirement {unknown}
 i - 3 scrolls of amnesia
 k - a scroll of immolation {unknown}
 o - 2 scrolls of fog
 y - 3 scrolls of enchant armour
 C - a scroll of silence
 I - 2 scrolls of teleportation
 L - a scroll of fear
Potions
 h - a potion of invisibility
 l - a potion of might
 s - a potion of attraction {unknown}
 u - 3 potions of curing
 z - 9 potions of degeneration
 A - a potion of brilliance {unknown}
 B - 4 potions of heal wounds
 E - 2 potions of mutation {unknown}
 J - 4 potions of flight
 M - 4 potions of berserk rage {unknown}
 P - a potion of magic {unknown}


   Skills:
 + Level 13.5 Fighting
 - Level 8.0 Short Blades
 - Level 13.1 Armour
 - Level 2.0 Dodging
 - Level 4.0 Shields
 - Level 10.0 Invocations


You had 12 spell levels left.
You didn't know any spells.
Your spell library contained the following spells:

 Spells                   Type           Power      Damage    Failure   Level
 Animate Skeleton         Necr           0%         N/A       69%         1
 Apportation              Tloc           0%         N/A       69%         1
 Corona                   Hex            0%         N/A       69%         1
 Foxfire                  Conj/Fire      0%         2x1d4     69%         1
 Pain                     Necr           0%         1d4       69%         1
 Summon Small Mammal      Summ           0%         N/A       69%         1
 Call Imp                 Summ           0%         N/A       83%         2
 Call Canine Familiar     Summ           0%         N/A       96%         3
 Conjure Flame            Conj/Fire      0%         6-21      96%         3
 Ignite Poison            Fire/Tmut/Pois 0%         N/A       96%         3
 Inner Flame              Hex/Fire       0%         N/A       96%         3
 Summon Guardian Golem    Hex/Summ       0%         N/A       96%         3
 Vampiric Draining        Necr           0%         2d6       96%         3
 Animate Dead             Necr           0%         N/A       100%        4
 Cause Fear               Hex            0%         N/A       100%        4
 Sticky Flame             Conj/Fire      0%         2d3       100%        4
 Summon Ice Beast         Ice/Summ       0%         N/A       100%        4
 Summon Lightning Spire   Summ/Air       0%         N/A       100%        4
 Agony                    Necr           0%         N/A       100%        5
 Bolt of Magma            Conj/Fire/Erth 0%         4d4       100%        5
 Fireball                 Conj/Fire      0%         3d3       100%        5
 Iskenderun's Battlesphe  Conj           0%         2d6       100%        5
 Silence                  Hex/Air        0%         N/A       100%        5
 Yara's Violent Unravell  Hex/Tmut       0%         3d3       100%        5
 Iron Shot                Conj/Erth      0%         9d1       100%        6
 Starburst                Conj/Fire      0%         8x6d3     100%        6
 Orb of Destruction       Conj           0%         N/A       100%        7
 Spellforged Servitor     Conj/Summ      0%         N/A       100%        7
 Discord                  Hex            0%         N/A       100%        8
 Ignition                 Fire           0%         3d3       100%        8


Dungeon Overview and Level Annotations

Branches:
Dungeon (10/15)            Temple (0/1) D:7            Lair (5/6) D:8
  Swamp (0/4) Lair:2        Snake (0/4) Lair:3          Orc (0/2) D:10
  Slime: Lair:5-6

Altars:
Dithmenos
Elyvilon
Hepliaklqana
Kikubaaqudgha
Makhleb
Nemelex Xobeh
Uskayaw
Xom
Yredelemnul
Zin
The Shining One

Shops:
D:1 *   D:3 (   D:5 (   D:6 ?*

Portals:
Abyss: D:6

Annotations:
D:3 2 transporters, Finra's ghost, weakling GrFi
D:6 2 transporters, Mesmaeker13's ghost, novice BaHu
Lair:4 Rupert


Innate Abilities, Weirdness & Mutations

You have a pair of horns on your head.
You are completely covered in slimy green scales. (AC +4, rPois)
A weak demonic guardian rushes to your aid.
You are partially covered in sharp spines.


Message History

You hit Rupert. Your headbutt misses Rupert.
Rupert is moderately wounded.
Rupert is struck by your spines. Rupert hits you but does no damage.
You hit Rupert but do no damage.
Rupert is heavily wounded.
You hit Rupert. You headbutt Rupert!
Rupert is heavily wounded.
You hit Rupert. You headbutt Rupert, but do no damage.
Rupert is severely wounded.
Rupert drinks a potion.
Rupert is healed!
You barely miss Rupert.
Rupert is heavily wounded.
You puncture Rupert!
Rupert is severely wounded.
Rupert looks more energetic.
Rupert hits you with a +2 great mace of holy wrath!!
You convulse.
You puncture Rupert! You headbutt Rupert, but do no damage.
Rupert is severely wounded.
You puncture Rupert!
Rupert is severely wounded.
Rupert yells loudly at you.
You suddenly lose the ability to move!
Rupert hits you with a +2 great mace of holy wrath.
You convulse.
Rupert roars wildly at you.
You are confused.
You can move again.
Unknown command.
You puncture Rupert!
Rupert is almost dead.
Rupert hits you with a +2 great mace of holy wrath!
You convulse!
You hit Rupert.
Rupert is almost dead.
You feel better.
Rupert hits you with a +2 great mace of holy wrath!!
* * * LOW HITPOINT WARNING * * *
You convulse!!
You die...

#.## ##...... ######.# #§.....
#......## #####......
#.......## #.#.§§.....
##........###########.........
##........#...##.##.#....#####.
#...............#.#....### #.
##.........>............# ##.
##............@....#.#..# #.#
#..............@........# #..
##.......##.#...........# ###
#.....######...........# #
#....#.###...?.........# #
##...####.............### ##
#....####.)...........#.# ##.
####...#.............#.## ##..
#..................## #...


You could see Rupert.

Vanquished Creatures
  A centaur warrior (D:9)
  2 two-headed ogres
  5 death yaks (Lair:4)
  Urug (D:10)
  A lindwurm (Lair:4)
  2 cyclopes (D:9)
  6 elephants
  A torpor snail (Lair:4)
  3 black mambas (Lair:3)
  5 cane toads
  A kobold demonologist (D:9)
  6 komodo dragons
  12 dream sheep (Lair:4)
  8 blink frogs
  A shadow (D:7)
  11 yaks
  A redback (shapeshifter) (D:9)
  A spriggan (shapeshifter) (D:9)
  A wraith (D:10)
  A vampire (D:9)
  6 wyverns
  3 steam dragons
  4 basilisks
  Grum (D:8)
  Menkaure (D:5)
  An acid dragon (D:9)
  20 water moccasins
  Duvessa (D:5)
  5 orc warriors
  A swamp drake (D:10)
  2 ice beasts
  4 black bears
  A sky beast (D:6)
  2 necrophages (D:4)
  An ogre (D:5)
  A hornet zombie (D:8)
  4 centaurs
  3 wolves (D:8)
  A phantom (D:6)
  2 kobold brigands
  13 bullfrogs
  5 gnoll sergeants
  2 scorpions
  Dowan (D:5)
  A water moccasin zombie (D:6)
  9 killer bees
  19 wights
  A howler monkey (D:9)
  3 electric eels
  A crimson imp (D:7)
  5 centaur zombies
  Crazy Yiuf (D:2)
  3 bullfrog zombies
  3 jellies
  5 orc priests
  4 hounds
  A centaur skeleton (D:4)
  2 iguanas (D:5)
  8 orc wizards
  A hound skeleton (D:4)
  2 howler monkey zombies
  18 gnolls
  5 adders
  A worm (D:2)
  A dart slug (D:1)
  44 orcs
  4 bats (D:1)
  6 endoplasms
  3 giant cockroaches
  4 goblins
  11 hobgoblins
  4 quokkas
  7 ball pythons
  4 frilled lizards
  15 kobolds
  4 rats
355 creatures vanquished.

Vanquished Creatures (collateral kills)
  An elephant (Lair:4)
  An orc warrior (D:8)
  A kobold brigand (D:8)
  A gnoll (D:5)
  A kobold (D:8)
5 creatures vanquished.

Vanquished Creatures (others)
  A bullfrog (Lair:5)
  A killer bee (D:9)
  A gnoll (D:10)
  A kobold (D:8)
  84 fungi
  77 plants
165 creatures vanquished.

Grand Total: 525 creatures vanquished

Notes
Turn   | Place    | Note
-------+----------+-------------------------------------------
     0 | Abyss:1  | polve the Demonspawn Abyssal Knight began the quest for the
                  | Orb.
     0 | Abyss:1  | Reached XP level 1. HP: 18/18 MP: 2/2
    51 | Abyss:1  | Noticed a ynoxinul
    52 | D:1      | Escaped the Abyss
   304 | D:1      | Reached * piety under Lugonu
   429 | D:1      | Gained mutation: You are partially covered in sharp spines.
                  | [demonic ancestry]
   429 | D:1      | Reached XP level 2. HP: 24/24 MP: 3/3
   733 | D:1      | Found Ifoulues's Assorted Antiques.
  1022 | D:2      | Gained mutation: You are partially covered in slimy green
                  | scales. (AC +2) [demonic ancestry]
  1022 | D:2      | Reached XP level 3. HP: 30/30 MP: 4/4
  1034 | D:2      | Reached ** piety under Lugonu
  1410 | D:2      | Gained mutation: You are mostly covered in slimy green
                  | scales. (AC +3) [demonic ancestry]
  1410 | D:2      | Reached XP level 4. HP: 37/38 MP: 5/5
  1577 | D:2      | Reached skill level 5 in Fighting
  1744 | D:2      | Found a runed translucent door.
  1745 | D:2      | Noticed Crazy Yiuf
  2785 | D:2      | Killed Crazy Yiuf
  3240 | D:3      | Found a faded altar of an unknown god.
  3377 | D:3      | Found Agras's Weapon Shoppe.
  3516 | D:3      | Found a transporter.
  3517 | D:3      | Noticed Finra's ghost (weakling GrFi)
  3518 | D:3      | Found a transporter.
  3546 | D:3      | Noticed an ogre
  3563 | D:3      | Identified the +10 dire flail of Xyshri {vorpal, rPois rC+
                  | Dex+3}
  3563 | D:3      | Noticed an ogre
  3566 | D:3      | Noticed an ogre
  3632 | D:4      | Gained mutation: A weak demonic guardian rushes to your
                  | aid. [demonic ancestry]
  3632 | D:4      | Reached XP level 5. HP: 46/46 MP: 6/6
  3950 | D:4      | Noticed a necrophage
  3960 | D:4      | Killed a necrophage
  3961 | D:4      | Reached skill level 1 in Dodging
  3974 | D:4      | Gained mutation: You are completely covered in slimy green
                  | scales. (AC +4, rPois) [demonic ancestry]
  3974 | D:4      | Reached XP level 6. HP: 51/52 MP: 7/7
  4286 | D:5      | Entered Level 5 of the Dungeon
  4439 | D:5      | Found Hihoxamm's Antique Weapon Shoppe.
  4705 | D:5      | Noticed Menkaure
  4707 | D:5      | Noticed an ice beast
  4721 | D:5      | Killed Menkaure
  4721 | D:5      | Reached *** piety under Lugonu
  4722 | D:5      | Reached XP level 7. HP: 19/58 MP: 6/8
  4942 | D:5      | Reached skill level 5 in Armour
  5766 | D:5      | Reached XP level 8. HP: 40/61 MP: 9/9
  6108 | D:5      | Found a shimmering altar of Xom.
  6125 | D:5      | Noticed Dowan
  6125 | D:5      | Noticed Duvessa
  6141 | D:5      | Killed Duvessa
  6148 | D:5      | Reached skill level 5 in Invocations
  6167 | D:5      | Killed Dowan
  6655 | D:6      | Found Zamiutz's General Store.
  7099 | D:6      | Reached skill level 1 in Shields
  7311 | D:6      | Found a transporter.
  7318 | D:6      | Noticed a toenail golem
  7325 | D:6      | Found a one-way gate to the infinite horrors of the Abyss.
  7325 | D:6      | Noticed Mesmaeker13's ghost (novice BaHu)
  7380 | D:6      | Found Imoesa's Magic Scroll Emporium.
  7400 | D:6      | Reached XP level 9. HP: 47/69 MP: 15/15
  7869 | D:6      | Found a transporter.
  8433 | D:7      | Reached skill level 10 in Invocations
  9057 | D:7      | Reached **** piety under Lugonu
  9282 | D:7      | Reached skill level 5 in Short Blades
  9408 | D:7      | Found a burning altar of Makhleb.
  9595 | D:7      | Found a staircase to the Ecumenical Temple.
  9665 | D:7      | Found a hide-covered altar of Uskayaw.
  9781 | D:8      | Noticed a two-headed ogre
 10061 | D:8      | Gained mutation: You have a pair of small horns on your
                  | head. [demonic ancestry]
 10061 | D:8      | Reached XP level 10. HP: 80/80 MP: 17/17
 10063 | D:8      | Found a staircase to the Lair.
 10171 | D:8      | Killed a two-headed ogre
 10566 | D:8      | Identified the +6 spear "Giantslayer" {vorpal, rN+}
 10619 | D:8      | Found a hazy altar of Hepliaklqana.
 10750 | D:8      | Noticed Grum
 10782 | D:8      | Killed Grum
 11034 | D:8      | Found an ancient bone altar of Kikubaaqudgha.
 11095 | D:8      | Found a sparkling altar of Nemelex Xobeh.
 11968 | D:9      | Noticed a two-headed ogre
 11970 | D:9      | Noticed a two-headed ogre
 12221 | Lair:1   | Entered Level 1 of the Lair of Beasts
 12342 | Lair:1   | Noticed a cane toad
 12367 | Lair:1   | Killed a cane toad
 13164 | Lair:1   | Reached skill level 10 in Fighting
 13388 | Lair:1   | You fall into a shaft and drop 1 floor!
 13432 | Lair:2   | Identified the +7 short sword of Tenacity {vorpal, Fragile
                  | +Rage rElec Int+5}
 13599 | Lair:2   | Reached XP level 11. HP: 87/92 MP: 18/18
 13658 | Lair:2   | Found a staircase to the Swamp.
 14451 | Lair:3   | Noticed a six-headed hydra
 14459 | Lair:2   | Banished a six-headed hydra
 15356 | Lair:3   | Found a staircase to the Snake Pit.
 15622 | Lair:3   | Identified the +3 ring mail "Mirul" {rC+ rCorr Int-3 Dex+4}
 15812 | Lair:3   | Noticed an oklob plant
 15813 | Lair:3   | Banished an oklob plant
 15847 | Lair:3   | Noticed an oklob plant
 15858 | Lair:3   | Banished an oklob plant
 15933 | Lair:3   | Noticed an oklob plant
 15936 | Lair:3   | Banished an oklob plant
 16076 | Lair:3   | Noticed an oklob plant
 16079 | Lair:3   | Banished an oklob plant
 16618 | Lair:4   | Gained mutation: You have a pair of horns on your head.
                  | [demonic ancestry]
 16618 | Lair:4   | Reached XP level 12. HP: 67/102 MP: 17/19
 16994 | Lair:4   | Reached skill level 10 in Armour
 17721 | Lair:4   | Noticed a death yak
 17722 | Lair:4   | Noticed a death yak
 17722 | Lair:4   | Noticed a death yak
 17722 | Lair:4   | Noticed a death yak
 17722 | Lair:4   | Noticed a death yak
 17771 | Lair:4   | Noticed a death yak
 17789 | Lair:4   | Killed a death yak
 17798 | Lair:4   | HP: 3/102 [death yak (13)]
 18343 | Lair:4   | Identified the +1 hand axe "Atriumim" {freeze, Int+2}
 18994 | Lair:4   | Killed a death yak
 19013 | Lair:4   | Killed a death yak
 19022 | Lair:4   | Killed a death yak
 19040 | Lair:4   | Killed a death yak
 19729 | D:9      | Killed a two-headed ogre
 19730 | D:9      | Reached XP level 13. HP: 49/108 MP: 14/20
 20778 | D:9      | Found a basalt altar of Yredelemnul.
 20886 | D:10     | Entered Level 10 of the Dungeon
 21217 | D:10     | Found a shadowy altar of Dithmenos.
 21409 | D:10     | Noticed Urug
 21418 | D:10     | Killed Urug
 21934 | D:10     | Found a staircase to the Orcish Mines.
 22309 | Lair:5   | Noticed Rupert
 22360 | Lair:4   | Paralysed by Rupert for 2 turns
 22365 | Lair:4   | Slain by Rupert

Illustrated notes

Levels and vault maps discovered:
D:1:      enne_arrival_octagon_isle, layout_loops_cross, serial_shops, shop
D:2:      layout_basic, kennysheep_generic_room_10, uniq_crazy_yiuf_cottage
D:3:      layout_loops_ring, serial_shops, nicolae_shop_crystal,
          gammafunk_ghost_smash, shapermc_ecumenical_altar_venn
D:4:      layout_basic
D:5:      layout_cave_pods, nicolae_overflow_hidden_temple, serial_shops, shop,
          chequers_mini_garden, minivault_14, nrook_mini_backslash,
          hangedman_decor_lopped, uniq_duvessa, uniq_menkaure
D:6:      kennysheep_steamy, layout_rooms, overflow_temple_1_default,
          gammafunk_ghost_abyssal_escape, serial_shops, shop_fountains,
          kennysheep_small_square
D:7:      layout_cave_pools, makhleb_grotto_becter, marbit_many_paths,
          temple_fountains
D:8:      layout_rooms, lemuel_coloured_pillars_altar,
          worldfamousw_hep_ancestral_shrine, lemuel_round_altar,
          due_lair_maze_entry_diamond, uniq_grum
D:9:      minmay_the_grid_triangle_9x9_rhombus_thin_mashed
          [minmay_the_grid_triangle_9x9_steps,
          minmay_the_grid_triangle_9x9_prize_schism,
          minmay_the_grid_triangle_9x9_dagger,
          minmay_the_grid_triangle_9x9_flanged_cone], layout_rooms,
          zin_scriptorium, lemuel_zombie_altar_yredelemnul, lemuel_old_faithful
D:10:     layout_roguey, nicolae_dithmenos_shadow_blocks, erik_orc_1,
          minivault_5, uniq_urug
Lair:1:   layout_regular_city, basic_altar
Lair:2:   layout_misc_corridors, swamp_mist_pool, serial_rivers,
          chequers_serial_rivers_micro_e, chequers_serial_rivers_small_b,
          chequers_serial_rivers_micro_e, chequers_serial_rivers_marsh,
          chequers_serial_rivers_micro_d, chequers_serial_rivers_room_a
Lair:3:   layout_loops_ring, minmay_snake_entry_six_corridors,
          beast_lair_carwin_9, infiniplex_staircase_pool,
          minmay_lair_oklob_chamber, serial_bayou_shore_a
Lair:4:   layout_cave_pods, nicolae_quartered_pool_medium
Lair:5:   layout_roguey, nicolae_slime_entry_slimehenge, uniq_snorg,
          uniq_josephine, uniq_rupert

Skill      XL: |  1  2  3  4  5  6  7  8  9 10 11 12 13 |
---------------+----------------------------------------+-----
Fighting       | 4 5 6 7 10 12 13 | 13.5
Armour         | 2 4 6 9 13 | 13.1
Dodging        | 2 |  2.0
Short Blades   | 3 4 5 8 |  8.0
Invocations    | 8 10 | 10.0
Shields        | 2 4 |  4.0

Action                   |  1- 3 |  4- 6 |  7- 9 | 10-12 | 13-15 || total
-------------------------+-------+-------+-------+-------+-------++-------
Melee: Short sword       |    69 |   118 |   434 |   440 |   205 ||  1266
       Rapier            |       |       |    56 |   197 |       ||   253
       Headbutt          |       |       |       |   183 |    63 ||   246
Throw: Dart              |       |     6 |     2 |     9 |       ||    17
Invok: Depart the Abyss  |     1 |       |       |       |       ||     1
       Banish            |       |       |       |    14 |     3 ||    17
       Bend Space        |       |       |       |     3 |     7 ||    10
 Abil: Evoke Berserk Rag |       |       |       |       |     1 ||     1
  Use: Potion            |       |     1 |       |       |     2 ||     3
       Scroll            |       |       |       |    12 |     1 ||    13
 Stab: Distracted        |       |       |       |     1 |       ||     1
       Confused          |       |       |       |       |     1 ||     1
Armor: Leather armour    |     2 |       |       |       |       ||     2
       Chain mail        |    29 |    51 |   319 |   259 |    76 ||   734
Dodge: Dodged            |    13 |    33 |   185 |   161 |    83 ||   475
Block: Buckler           |       |       |    63 |   134 |    43 ||   240

Table legend: (Time is in decaauts)
 A = Elapsed time spent in this place.
 B = Non-inter-level travel time spent in this place.
 C = Inter-level travel time spent in this place.
 D = Time resting spent in this place.
 E = Time spent auto-exploring this place.
 F = Levels seen in this place.
 G = Mean time per level.
                   A        B        C        D        E       F      G
               +--------+--------+--------+--------+--------+-----+--------+
         Total |  22155 |  20695 |   1460 |      3 |  17681 |  16 | 1384.7 |
       Dungeon |  15092 |  14115 |    977 |      3 |  11963 |  10 | 1509.2 |
          Lair |   7011 |   6529 |    482 |      0 |   5667 |   5 | 1402.2 |
         Abyss |     52 |     52 |      0 |      0 |     51 |   1 |   52.0 |
               +--------+--------+--------+--------+--------+-----+--------+

Top non-repeatable levels by time:
     D:8: 2663 daAuts
     D:5: 2313 daAuts
  Lair:4: 2291 daAuts
  Lair:3: 2158 daAuts
     D:6: 1940 daAuts
     D:2: 1834 daAuts
  Lair:2: 1388 daAuts
     D:9: 1274 daAuts
     D:7: 1274 daAuts
    D:10: 1244 daAuts
     D:1: 1223 daAuts
  Lair:1: 1160 daAuts
     D:4: 760 daAuts
     D:3: 563 daAuts
 Abyss:1: 52 daAuts
